 Dungeon Crawl Stone Soup version 0.22-a0-458-gb446440d2e (webtiles) character file.

93 HANFGEIST the Insei (level 4, 0/28 HPs)
             Began as an Octopode Transmuter on June 8, 2018.
             Succumbed to an adder's poison
             ... on level 2 of the Dungeon.
             The game lasted 00:03:18 (1771 turns).

HANFGEIST the Insei (Octopode Transmuter)           Turns: 1771, Time: 00:03:19

Health: 0/28       AC:  1    Str:  9    XL:     4   Next: 62%
Magic:  5/7        EV: 19    Int: 15    God:
Gold:   88         SH:  0    Dex: 18    Spells: 1/7 levels left

rFire    . . .     SeeInvis .     - Unarmed
rCold    . . .     Gourm    .   (no shield)
rNeg     . . .     Faith    .   (helmet restricted)
rPois    .         Spirit   .   (no amulet)
rElec    .         Reflect  .   (no ring)
rCorr    .         Harm     .   (no ring)
MR       .....                  (no ring)
Stlth    ++++......             (no ring)
HPRegen  0.09/turn              (no ring)
MPRegen  0.10/turn              (no ring)
                                (no ring)
                                (no ring)

@: agile, lethally poisoned (0 -> -10)
A: almost no armour, stealthy swim, amphibious, 8 rings, constrict 8, camouflage
1, gelatinous body 1
a: no special abilities


You were on level 2 of the Dungeon.
You were not hungry.

You visited 1 branch of the dungeon, and saw 2 of its levels.

You collected 88 gold pieces.

Inventory:

Missiles
 a - 12 arrows
 h - 6 tomahawks (quivered)
Scrolls
 b - a scroll of fear {unknown}
 e - a scroll of amnesia {unknown}
 f - 2 scrolls of teleportation {unknown}
 g - a scroll of identify {unknown}
 j - a scroll of blinking {unknown}
Potions
 i - a potion of lignification {unknown}
Comestibles
 c - 5 rations
 k - a chunk of flesh


   Skills:
 + Level 1.2 Fighting
 * Level 2.4 Dodging
 + Level 0.8 Stealth
 + Level 3.9 Unarmed Combat
 + Level 2.4 Spellcasting
 * Level 2.8 Transmutations
 * Level 1.0 Poison Magic


You had one spell level left.
You knew the following spells:

 Your Spells              Type           Power        Failure   Level  Hunger
a - Beastly Appendage     Tmut           ##....       7%          1    #......
b - Sticks to Snakes      Tmut           ##......     10%         2    ###....
c - Spider Form           Tmut/Pois      #.........   28%         3    ###....

Your spell library contained the following spells:

 Spells                   Type           Power        Failure   Level  Hunger
 Blade Hands              Tmut           ##........   88%         5    ######.
 Ice Form                 Ice/Tmut       #.......     75%         4    #####..


Dungeon Overview and Level Annotations

Branches:
Dungeon (2/15)

Altars:
The Shining One


Innate Abilities, Weirdness & Mutations

You cannot wear most types of armour.
You are very stealthy in the water. (Stealth+)
You are amphibious.
You can wear up to eight rings at the same time.
You can use your tentacles to constrict eight enemies at once.
Your skin changes colour to match your surroundings (Stealth+).
Your rubbery body absorbs attacks. (AC +1, EV +1)


Message History

You feel sick.
* * * LOW HITPOINT WARNING * * *
You feel sick.
You see here a tomahawk.
* * * LOW HITPOINT WARNING * * *
You feel sick.
You see here 2 chunks of flesh.
* * * LOW HITPOINT WARNING * * *
You feel sick.
You see here a scroll labeled LEC ZIASOHUKKI.
* * * LOW HITPOINT WARNING * * *
You feel sick.
* * * LOW HITPOINT WARNING * * *
You feel sick.
Your transformation has ended.
* * * LOW HITPOINT WARNING * * *
You feel sick.
It was a potion of agility.
You feel agile all of a sudden.
You die...

... #.# #.....<....## #
##.####.## ######.##...# #
.....#...#####.............
#..............##.....##
#.........#.#### .##.##
#.###.(.....#.#.# ##.#.
#......%....#.#.# #...
###.##..?..##.#.# ###. #.
##....@..#.# ## .
#.#####.#.# # #.# #.#.# #.#
#.. #.# ..# #. ##.#


There were no monsters in sight!

Vanquished Creatures
  A worker ant (D:2)
  2 adders (D:2)
  A dart slug (D:1)
  2 leopard geckos
  A ball python (D:1)
  8 bats
  3 giant cockroaches (D:1)
  7 goblins
  8 hobgoblins (D:1)
  3 kobolds
  A frilled lizard (D:1)
  7 rats
44 creatures vanquished.

Notes
Turn   | Place    | Note
-------+----------+-------------------------------------------
     0 | D:1      | HANFGEIST the Octopode Transmuter began the quest for the Orb.
     0 | D:1      | Reached XP level 1. HP: 13/13 MP: 3/3
   227 | D:1      | Reached XP level 2. HP: 16/18 MP: 3/5
   231 | D:1      | Learned a level 2 spell: Sticks to Snakes
   730 | D:1      | Reached XP level 3. HP: 15/23 MP: 6/6
  1221 | D:1      | Learned a level 3 spell: Spider Form
  1606 | D:2      | Found a glowing golden altar of the Shining One.
  1706 | D:2      | Reached XP level 4. HP: 18/28 MP: 3/7
  1761 | D:2      | Reached skill level 1 in Poison Magic
  1770 | D:2      | HP: 1/28 [poisoned by an adder]
  1771 | D:2      | Succumbed to an adder's poison

Vault maps used:
D:1:      dpeg_arrival_more_subterranean_lakeside_camping, minmay_bisected
D:2:      lemuel_round_altar, first_ration, chequers_ecumenical_altar_island,
          uniq_robin

Skill      XL: |  1  2  3  4 |
---------------+-------------+-----
Poison Magic   | 1 |  1.0
Fighting       | |  1.2
Dodging        | |  2.4
Stealth        | |  0.8
Unarmed Combat | |  3.9
Spellcasting   | |  2.4
Transmutations | |  2.8

Action                   |  1- 3 |  4- 6 || total
-------------------------+-------+-------++-------
Melee: Unarmed           |    74 |     8 ||    82
       Constrict         |    26 |       ||    26
       Tentacles         |     6 |       ||     6
       Kick              |    15 |       ||    15
       Punch             |     2 |       ||     2
Throw: Tomahawk          |     8 |       ||     8
 Cast: Beastly Appendage |    19 |       ||    19
       Spider Form       |     1 |     1 ||     2
  Use: Potion            |       |     1 ||     1
 Stab: Sleeping          |     3 |       ||     3
  Eat: Chunk             |     3 |       ||     3
Armor: Skin              |     4 |     2 ||     6
Dodge: Dodged            |    43 |     8 ||    51

Table legend:
 A = Spawn XP
 B = Non-spawn XP
 C = Spawn XP percentage of total XP
 D = Spawn monster count
 E = Non-spawn monster count
 F = Spawn count percentage of total count
 G = Total turns spent on level
                    A         B        C        D         E        F      G
               +---------+---------+-------+---------+---------+-------+---------
         Total |       0 |     134 |   0.0 |       0 |      44 |   0.0 |  1771
               +---------+---------+-------+---------+---------+-------+---------
           D:1 |       0 |      58 |   0.0 |       0 |      33 |   0.0 |  1558
           D:2 |       0 |      76 |   0.0 |       0 |      11 |   0.0 |   213
               +---------+---------+-------+---------+---------+-------+---------
